 Dungeon Crawl Stone Soup version 0.26-a0-259-g1effd001a9 (webtiles) character file.

Game seed: 4732040182339827516

25988 1player the Grappler (level 12, -4/113 HPs)
             Began as a Troll Chaos Knight on July 28, 2020.
             Was a Plaything of Xom.
             Slain by a six-headed hydra (9 damage)
             ... on level 3 of the Lair of Beasts.
             The game lasted 01:11:28 (17180 turns).

1player the Grappler (Troll Chaos Knight)          Turns: 17180, Time: 01:11:30

Health: -4/113     AC: 10    Str: 24    XL:     12   Next: 94%
Magic:  11/11      EV: 12    Int:  8    God:    Xom [.*....]
Gold:   748        SH: 11    Dex: 10    Spells: 11/11 levels left

rFire    + . .     SeeInvis .     - Unarmed
rCold    . . .     Faith    .   L - +0 kite shield
rNeg     . . .     Spirit   .   a - +2 robe
rPois    .         Reflect  .   (helmet restricted)
rElec    .         Harm     .   (no cloak)
rCorr    +                      (gloves unavailable)
MR       .....                  (boots unavailable)
Stlth    +.........             (no amulet)
HPRegen  0.68/turn              O - ring of resist corrosion
MPRegen  0.12/turn              (no ring)

@: cleaving, very slightly contaminated, invisible
A: large, unfitting armour, claws 3, fangs 1, slimy green scales 1, blurry
vision 1, fire resistance 1, fast metabolism 1, frail 1, regeneration 1,
screaming 1, shaggy fur 1, tough skin 3, weak 1, wild magic 1, MP-powered wands
a: Renounce Religion


You were on level 3 of the Lair of Beasts.
You worshipped Xom.
You were a plaything of Xom.
You were hungry.

You visited 2 branches of the dungeon, and saw 15 of its levels.

You collected 988 gold pieces.
You spent 240 gold pieces at shops.

Inventory:

Missiles
 m - 38 poisoned darts
 S - 7 boomerangs
 T - 2 curare-tipped darts (quivered)
Armour
 a - a +2 robe (worn)
 y - a +0 robe of resistance
 L - a +0 kite shield (worn)
Jewellery
 H - the ring of Free Will {rElec rN+ MR- Stlth+}
   (You found it on level 5 of the Dungeon)

   [ring of stealth]

   It insulates you from electricity.
   It protects you from negative energy.
   It affects your resistance to hostile enchantments.
   It makes you more stealthy.
 O - a ring of resist corrosion (left claw)
 V - an uncursed ring of ice
 Y - an uncursed ring of protection from fire
 Z - an uncursed ring of positive energy
Wands
 v - a wand of flame (34)
 C - a wand of paralysis (10)
 N - a wand of polymorph (6)
 R - a wand of iceblast (9)
Scrolls
 f - 5 scrolls of remove curse {@r2}
 j - a scroll of fog
 D - a scroll of enchant armour {unknown}
 F - a scroll of teleportation
 J - a scroll of blinking
 K - a scroll of magic mapping
 X - a scroll of immolation {unknown}
Potions
 g - 4 potions of flight
 o - a potion of ambrosia
 s - 2 potions of stabbing
 E - 2 potions of resistance {unknown}
 G - 3 potions of brilliance
 M - 3 potions of magic
 Q - 3 potions of curing {@q1}
 U - a potion of mutation {unknown}
Miscellaneous
 B - a phial of floods
 W - a lightning rod (inert)
Comestibles
 e - 53 rations {!d}


   Skills:
 + Level 10.0 Fighting
 + Level 8.4 Throwing
 + Level 7.2 Dodging
 - Level 9.0 Shields
 + Level 10.4 Unarmed Combat


You had 11 spell levels left.
You didn't know any spells.
Your spell library contained the following spells:

 Spells                   Type           Power        Failure   Level
 Animate Skeleton         Necr           #.....       50%         1
 Apportation              Tloc           #.....       50%         1
 Corona                   Hex            #......      50%         1
 Foxfire                  Conj/Fire      #...         50%         1
 Sandblast                Erth           #.....       50%         1
 Summon Small Mammal      Summ           #...         50%         1
 Blink                    Tloc           N/A          63%         2
 Passwall                 Tmut/Erth      #.......     63%         2
 Shroud of Golubria       Chrm/Tloc      #.....       63%         2
 Song of Slaying          Chrm           #.......     63%         2
 Conjure Flame            Conj/Fire      #.......     85%         3
 Inner Flame              Hex/Fire       #.......     85%         3
 Ozocubu's Armour         Chrm/Ice       #.......     85%         3
 Stone Arrow              Conj/Erth      #.....       85%         3
 Petrify                  Tmut/Erth      #.......     99%         4
 Sticky Flame             Conj/Fire      #.......     99%         4
 Fireball                 Conj/Fire      #.........   100%        5
 Lee's Rapid Deconstruct  Erth           #.........   100%        5
 Dispersal                Tloc           #.........   100%        6


Dungeon Overview and Level Annotations

Branches:
Dungeon (11/15)            Temple (0/1) D:5            Lair (4/6) D:9
 Shoals (0/4) Lair:2          Orc (0/2) D:10
  Snake: Lair:2-4    Spider: Lair:2-4

Altars:
Dithmenos
Okawaru
Xom
Jiyva

Shops:
D:5 [   D:8 *

Annotations:
D:5 8 runed translucent doors, Eustachio; Pikel; XanderDroid's ghost, novice GnWz


Innate Abilities, Weirdness & Mutations

You are too large for most types of armour.
You have claws for hands.
You have a fast metabolism.
Your natural rate of healing is unusually fast.
You are covered in fur. (AC +1)
You have extremely tough skin. (AC +3)
You have very sharp teeth.
You are partially covered in slimy green scales. (AC +2)
Scrolls take you a little longer to read.
Your flesh is heat resistant. (rF+)
You are frail. (-10% HP)
You occasionally shout uncontrollably at your foes.
You are weak. (Str -2)
Your spells are a little harder to cast, but a little more powerful.
You expend magic power (3 MP) to strengthen your wands.


Message History

Press: ? - help, Shift-Dir - straight line, f - six-headed hydra
Aim: a six-headed hydra (chance to defeat MR: 18%)
Okay, then.
Unknown command.
Really read with blurry vision while enemies are nearby?
You block the six-headed hydra's attack.
The six-headed hydra bites you.
* * * LOW HITPOINT WARNING * * *
The six-headed hydra bites you!
* * * LOW HITPOINT WARNING * * *
You block the six-headed hydra's attack.
The six-headed hydra bites you but does no damage.
The six-headed hydra bites you!
* * * LOW HITPOINT WARNING * * *
You begin reading the scroll.
You continue reading the scroll.
The six-headed hydra barely misses you. The six-headed hydra bites you.
* * * LOW HITPOINT WARNING * * *
The six-headed hydra barely misses you. The six-headed hydra bites you!
You die...
Xom is highly amused!

##### #.#.# ####..### #......P#
### ## ##.......###########.# .##
##........#..##......## .P#
##........D...........### # ..##
#.#.......#@............#### ...#
###......####............##.
...#####.....##.##...............
....#.#.....PP.............P##.##
.....##....................######
.............P#.#P..........#
........#..#######..........# #
......###### ##..#......## #
....#.# #...##...>## #


You could see a six-headed hydra.

Vanquished Creatures
  A hydra (Lair:4)
  4 two-headed ogres
  An unseen horror (D:11)
  7 elephants (Lair:3)
  A merfolk siren (Lair:2)
  2 black mambas
  2 torpor snails
  8 cane toads
  A komodo dragon (Lair:4)
  A troll (D:11)
  4 polar bears (Lair:2)
  8 blink frogs
  A wind drake (Lair:1)
  8 dream sheep (Lair:3)
  A hippogriff (D:11)
  2 wraiths (D:11)
  2 wyverns
  2 shadows
  20 yaks
  2 basilisks (D:9)
  Edmund (D:5)
  2 two-headed ogre zombies (D:10)
  A swamp worm (Lair:3)
  3 orc warriors
  7 porcupines
  2 sky beasts (D:9)
  8 water moccasins
  A hornet zombie (D:9)
  A necrophage (D:8)
  5 ogres
  3 phantoms
  An eye of draining (D:10)
  5 centaurs
  8 crocodiles
  7 bullfrogs
  A wyvern skeleton (D:8)
  A scorpion (D:9)
  2 troll zombies (D:10)
  2 water moccasin skeletons
  An electric eel (Lair:2)
  3 howler monkeys
  A bullfrog zombie (D:8)
  4 hounds
  5 jellies
  2 gnoll shamans (D:8)
  2 orc priests
  14 orc wizards
  2 centaur skeletons
  2 iguanas
  Ijyb (D:4)
  3 worker ants
  3 ogre zombies (D:10)
  A hound zombie (D:7)
  2 hound skeletons
  A howler monkey zombie (D:9)
  Robin (D:4)
  A worker ant zombie (D:8)
  11 gnolls
  10 adders
  A shadow imp (D:5)
  A white imp (D:10)
  3 ufetubi
  9 oozes
  An adder skeleton (D:5)
  3 worms
  3 dart slugs
  5 leopard geckos
  29 orcs
  A ball python (D:3)
  6 bats
  6 giant cockroaches
  12 goblins
  18 hobgoblins
  15 jackals
  3 quokkas
  11 frilled lizards
  2 goblin skeletons (D:10)
  4 goblin zombies (D:10)
  4 hobgoblin zombies (D:10)
  9 kobolds
  3 orc skeletons (D:10)
  9 orc zombies (D:10)
  8 rats
375 creatures vanquished.

Vanquished Creatures (collateral kills)
  An elephant (Lair:3)
  A hippogriff (Lair:3)
  Prince Ribbit (D:6)
  3 yaks
  Duvessa (D:5)
  An ogre (D:6)
  A bullfrog (D:10)
  A troll zombie (D:10)
  Dowan (D:5)
  An orc priest (D:6)
  A worker ant (D:6)
  8 gnolls (D:6)
  An adder zombie (D:6)
  5 orcs
  A giant cockroach (D:6)
  A jackal (D:6)
  A kobold (D:6)
  An orc zombie (D:10)
31 creatures vanquished.

Vanquished Creatures (others)
  6 fungi
  4 plants
10 creatures vanquished.

Grand Total: 416 creatures vanquished

Notes
Turn   | Place    | Note
-------+----------+-------------------------------------------
     0 | D:1      | 1player the Troll Chaos Knight began the quest for the Orb.
     0 | D:1      | Reached XP level 1. HP: 22/22 MP: 0/0
   123 | D:1      | XOM: smoke on damage
   125 | D:1      | Reached XP level 2. HP: 28/29 MP: 1/1
   235 | D:1      | XOM: divination: magic mapping
   349 | D:1      | Reached XP level 3. HP: 36/36 MP: 2/2
   364 | D:1      | XOM: silly message
   395 | D:1      | XOM: give mutations
   395 | D:1      | Gained mutation: You are frail. (-10% HP) [Xom's mischief]
   395 | D:1      | Gained mutation: Your body sometimes deteriorates upon
                  | taking damage. [Xom's mischief]
   412 | D:1      | XOM: noise
   649 | D:2      | XOM: silly message
   703 | D:2      | Found a faded altar of an unknown god.
   916 | D:2      | XOM: potion effect (stabbing)
  1043 | D:2      | XOM is BORED!
  1043 | D:2      | XOM: noise
  1045 | D:2      | Found a shimmering altar of Xom.
  1347 | D:3      | Reached XP level 4. HP: 35/39 MP: 3/3
  1426 | D:3      | XOM: silly message
  1441 | D:3      | XOM: silly message
  1488 | D:3      | XOM: noise
  1651 | D:3      | XOM: divination: detect creatures
  1695 | D:3      | XOM: cast spell 'Summon Ice Beast'
  1819 | D:3      | Reached skill level 1 in Throwing
  1916 | D:3      | XOM is BORED!
  1916 | D:3      | XOM: noise
  1986 | D:3      | Reached XP level 5. HP: 42/47 MP: 4/4
  2052 | D:3      | XOM: divination: detect creatures
  2120 | D:3      | XOM: silly message
  2527 | D:4      | Noticed a phantom
  2533 | D:4      | XOM: potion effect (stabbing)
  2542 | D:4      | Killed a phantom
  2542 | D:4      | Reached XP level 6. HP: 50/54 MP: 5/5
  2723 | D:4      | XOM is BORED!
  2723 | D:4      | XOM: silly message
  2773 | D:4      | Noticed Ijyb
  2778 | D:4      | Killed Ijyb
  2902 | D:4      | XOM: silly message
  2907 | D:4      | Noticed Robin
  2929 | D:4      | Killed Robin
  3214 | D:4      | Reached XP level 7. HP: 60/61 MP: 6/6
  3218 | D:4      | Reached skill level 5 in Unarmed Combat
  3363 | D:4      | XOM: divination: magic mapping
  3472 | D:4      | You fall into a shaft and drop 2 floors!
  3477 | D:6      | Noticed Sigmund
  3478 | D:6      | Noticed Prince Ribbit
  3495 | D:6      | XOM: silly message
  3497 | D:5      | Entered Level 5 of the Dungeon
  3687 | D:4      | XOM: give mutations
  3687 | D:4      | Gained mutation: You expend magic power (3 MP) to
                  | strengthen your wands. [Xom's mischief]
  3687 | D:4      | Gained mutation: You are dopey. (Int -2) [Xom's mischief]
  3687 | D:4      | Gained mutation: Armour fits poorly on your strangely
                  | shaped body. [Xom's mischief]
  3806 | D:5      | Noticed Eustachio
  4050 | D:5      | XOM: god gift: morningstar {god gift}
  4077 | D:5      | Found a staircase to the Ecumenical Temple.
  4200 | D:5      | Found a large runed translucent door.
  4201 | D:5      | Found a large runed translucent door.
  4201 | D:5      | Noticed Pikel
  4209 | D:5      | Found a large runed translucent door.
  4209 | D:5      | Found a large runed translucent door.
  4228 | D:5      | Found a large runed translucent door.
  4228 | D:5      | Found a large runed translucent door.
  4229 | D:5      | Noticed XanderDroid's ghost (novice GnWz)
  4269 | D:5      | XOM: cast spell 'Summon Butterflies'
  4301 | D:5      | Got a shimmering turquoise ring
  4367 | D:5      | Reached XP level 8. HP: 69/71 MP: 7/7
  4449 | D:5      | Found a runed translucent door.
  4450 | D:5      | Found a runed translucent door.
  4481 | D:5      | Noticed Dowan
  4481 | D:5      | Noticed Duvessa
  4491 | D:5      | Killed Dowan
  4493 | D:5      | Killed Duvessa
  4595 | D:5      | Found Meosubo's Antique Armour Boutique.
  4608 | D:5      | Identified the ring of Free Will {rElec rN+ MR- Stlth+}
                  | (You found it on level 5 of the Dungeon)
  4637 | D:5      | XOM: divination: detect creatures
  4799 | D:6      | Noticed Edmund
  4821 | D:5      | Killed Edmund
  5121 | D:6      | Found a shadowy altar of Dithmenos.
  5253 | D:6      | XOM: smoke on damage
  5256 | D:6      | Killed Prince Ribbit
  5256 | D:6      | Reached skill level 5 in Fighting
  5370 | D:6      | Noticed Sigmund
  5370 | D:6      | Sigmund changed into Sigmund the ooze
  5370 | D:6      | XOM: polymorph Sigmund -> Sigmund the ooze
  5375 | D:6      | Killed Sigmund the ooze
  5419 | D:6      | Reached skill level 5 in Dodging
  5486 | D:6      | XOM: polymorph jackal -> hobgoblin
  5766 | D:6      | Found an iron altar of Okawaru.
  5790 | D:6      | XOM: noise
  5892 | D:7      | XOM: scenery: create altars
  5977 | D:7      | XOM: enchant monster (good)
  6339 | D:7      | XOM: silly message
  6346 | D:7      | XOM: summons friendly white imp
  6349 | D:7      | Reached skill level 1 in Shields
  6349 | D:7      | Reached XP level 9. HP: 63/79 MP: 8/8
  6681 | D:7      | XOM: give mutations
  6681 | D:7      | Lost mutation: You are frail. (-10% HP) [Xom's mischief]
  6681 | D:7      | Lost mutation: You are dopey. (Int -2) [Xom's mischief]
  6681 | D:7      | Lost mutation: Armour fits poorly on your strangely shaped
                  | body. [Xom's mischief]
  7032 | D:8      | Identified the Incunabulum of Boosting Orientation
  7085 | D:8      | XOM: 6-stop teleportation journey
  7090 | D:8      | XOM: enchant monster (good)
  7258 | D:8      | XOM: god gift: 37 gold pieces
  7469 | D:8      | Found Oxav's General Store.
  7479 | D:8      | Bought a scroll of identify for 24 gold pieces
  7479 | D:8      | Bought a potion of cancellation for 96 gold pieces
  7479 | D:8      | Bought a potion of haste for 120 gold pieces
  7869 | D:9      | Found a staircase to the Lair.
  7898 | D:9      | XOM: fake destruction
  8070 | D:9      | XOM: cleaving
  8098 | D:8      | Reached skill level 5 in Shields
  8229 | D:8      | XOM: cast spell 'Summon Ice Beast'
  8234 | D:8      | XOM: enchant monster (bad)
  8235 | D:8      | XOM: enchant monster (bad)
  8300 | D:9      | XOM: give mutations
  8300 | D:9      | Gained mutation: Your mind is acute. (Int +2) [Xom's
                  | mischief]
  8300 | D:9      | Gained mutation: Your body often deteriorates upon taking
                  | damage. [Xom's mischief]
  8300 | D:9      | Gained mutation: Your flesh is heat resistant. (rF+) [Xom's
                  | mischief]
  8338 | D:9      | XOM: silly message
  8374 | D:9      | XOM: summons 4 hostile demons
  8411 | D:9      | Reached XP level 10. HP: 86/99 MP: 9/9
  8482 | D:9      | XOM: summons 5 hostile demons
  8639 | D:9      | XOM: repel stairs
  8654 | D:9      | XOM: swap monsters
  8659 | D:9      | XOM: enchant monster (bad)
  8660 | D:9      | XOM: enchant monster (bad)
  8662 | D:9      | XOM: chaos cloud
  8664 | D:9      | XOM: enchant monster (good)
  8672 | D:9      | XOM: confusion
  8721 | D:9      | XOM: confusion
  8722 | D:9      | XOM: repel stairs
  8734 | D:9      | XOM: 8-stop teleportation journey
  8779 | D:9      | XOM: swap monsters
  8780 | D:9      | XOM: swap monsters
  8917 | D:9      | XOM: silly message
  8922 | D:9      | XOM: enchant monster (bad)
  9126 | D:9      | XOM: noise
  9146 | D:9      | Found a viscous altar of Jiyva.
  9163 | D:10     | Entered Level 10 of the Dungeon
  9319 | D:10     | XOM: enchant monster (bad)
  9331 | D:10     | XOM: 1-stop teleportation journey
  9332 | D:10     | Noticed a two-headed ogre
  9334 | D:10     | XOM: noise
  9336 | D:10     | Noticed a two-headed ogre
  9343 | D:10     | XOM: polymorph howler monkey -> centaur
  9363 | D:10     | XOM: torment (52/101 hp)
  9365 | D:10     | Killed a two-headed ogre
  9369 | D:10     | XOM: enchant monster (bad)
  9636 | D:10     | XOM: smoke on damage
  9671 | D:10     | XOM: stat loss: -1 Int (9/10)
  9886 | D:10     | XOM: summons 4 hostile shadow creatures
  9890 | D:10     | XOM: divination: detect creatures
  9905 | D:10     | XOM: summons friendly quasit
  9911 | D:10     | XOM: smoke on damage
  9928 | D:10     | XOM: silly message
 10225 | D:10     | Killed a two-headed ogre
 10225 | D:10     | Reached XP level 11. HP: 110/110 MP: 6/10
 10313 | D:10     | Found a staircase to the Orcish Mines.
 11107 | D:11     | XOM: scenery: create altars
 11136 | D:11     | Killed an unseen horror
 11418 | D:10     | XOM: divination: detect items
 11482 | D:11     | Noticed a two-headed ogre
 11490 | D:11     | Killed a two-headed ogre
 11490 | D:11     | Reached skill level 10 in Unarmed Combat
 11805 | Lair:1   | Entered Level 1 of the Lair of Beasts
 11954 | Lair:1   | XOM: summons friendly shadow imp
 12030 | Lair:1   | XOM: cast spell 'Summon Small Mammal'
 12252 | Lair:1   | XOM: 3-stop teleportation journey
 12397 | Lair:1   | XOM: polymorph cane toad -> wind drake
 12599 | Lair:1   | XOM: noise
 12608 | Lair:1   | XOM: chaos cloud
 12768 | Lair:1   | XOM: noise
 12831 | Lair:1   | XOM: potion effect (berserk rage)
 12841 | Lair:1   | XOM: confuse monster(s)
 12881 | Lair:1   | HP: 5/113 [blink frog (18)]
 13049 | Lair:1   | XOM: 5-stop teleportation journey
 13277 | Lair:2   | XOM: 1-stop teleportation journey
 13342 | Lair:2   | XOM: scenery: create altars
 13430 | Lair:2   | XOM: divination: detect items
 13487 | Lair:1   | Reached skill level 5 in Throwing
 13524 | Lair:1   | XOM: divination: magic mapping
 13586 | Lair:2   | XOM: 1-stop teleportation journey
 13810 | Lair:2   | Reached XP level 12. HP: 103/123 MP: 11/11
 13816 | Lair:2   | XOM: swap monsters
 13939 | Lair:2   | XOM: enchant monster (good)
 14186 | Lair:2   | XOM: repel stairs
 14288 | Lair:2   | Found a staircase to the Shoals.
 14391 | Lair:2   | Noticed a six-headed hydra
 14395 | Lair:2   | XOM: potion effect (might)
 14412 | Lair:3   | XOM: scenery: create altars
 14414 | Lair:3   | XOM: confusion (+ monsters)
 14416 | Lair:3   | XOM: enchant monster (bad)
 14417 | Lair:3   | XOM: confuse monster(s)
 14810 | Lair:3   | XOM: blink monster(s)
 14811 | Lair:3   | XOM: enchant monster (bad)
 15211 | Lair:3   | XOM: noise
 15275 | Lair:3   | XOM is BORED!
 15514 | Lair:3   | XOM: summons 1 hostile shadow creature
 15519 | Lair:3   | XOM: confuse monster(s)
 15530 | Lair:3   | XOM: summons 6 friendly demons
 15544 | Lair:3   | XOM: polymorph iron imp -> quasit
 15546 | Lair:3   | XOM: summons friendly white imp
 15605 | Lair:3   | XOM: 1-stop teleportation journey
 15811 | Lair:3   | XOM: give mutations
 15811 | Lair:3   | Lost mutation: Your mind is acute. (Int +2) [Xom's
                  | mischief]
 15811 | Lair:3   | Gained mutation: You occasionally shout uncontrollably at
                  | your foes. [Xom's mischief]
 16146 | Lair:4   | XOM: summons 7 hostile demons
 16171 | Lair:4   | XOM: 1-stop teleportation journey
 16193 | Lair:4   | XOM: silly message
 16319 | Lair:4   | XOM is BORED!
 16319 | Lair:4   | XOM: give mutations
 16319 | Lair:4   | Gained mutation: You are frail. (-10% HP) [Xom's mischief]
 16319 | Lair:4   | Gained mutation: You are weak. (Str -2) [Xom's mischief]
 16319 | Lair:4   | Lost mutation: Your body often deteriorates upon taking
                  | damage. [Xom's mischief]
 16319 | Lair:4   | Lost mutation: Your body sometimes deteriorates upon taking
                  | damage. [Xom's mischief]
 16475 | Lair:3   | XOM: polymorph dream sheep -> swamp worm
 16509 | Lair:3   | XOM: give mutation
 16509 | Lair:3   | Gained mutation: Scrolls take you a little longer to read.
                  | [Xom's mischief]
 16598 | Lair:4   | Noticed a two-headed ogre
 16598 | Lair:4   | a dream sheep changed into a two-headed ogre
 16598 | Lair:4   | XOM: polymorph dream sheep -> two-headed ogre
 16609 | Lair:3   | XOM: confuse monster(s)
 16614 | Lair:3   | XOM: summons friendly quasit
 16618 | Lair:3   | Killed a two-headed ogre
 16702 | Lair:3   | XOM: divination: magic mapping
 16922 | Lair:4   | XOM: give mutations
 16922 | Lair:4   | Gained mutation: You are partially covered in slimy green
                  | scales. (AC +2) [Xom's grace]
 16922 | Lair:4   | Gained mutation: Your spells are a little harder to cast,
                  | but a little more powerful. [Xom's grace]
 16922 | Lair:4   | Gained mutation: You have very sharp teeth. [Xom's grace]
 16973 | Lair:4   | Noticed a five-headed hydra
 16976 | Lair:4   | XOM: cleaving
 16983 | Lair:4   | Killed a five-headed hydra
 16983 | Lair:4   | Reached skill level 10 in Fighting
 16984 | Lair:4   | XOM: noise
 16992 | Lair:4   | Noticed a six-headed hydra
 17002 | Lair:4   | XOM: destruction
 17140 | Lair:4   | XOM: noise
 17142 | Lair:4   | XOM: confusion (+ monsters)
 17157 | Lair:4   | HP: 1/113 [six-headed hydra (10)]
 17161 | Lair:3   | XOM: silly message
 17177 | Lair:3   | XOM: cleaving
 17180 | Lair:3   | HP: 5/113 [six-headed hydra (6)]
 17180 | Lair:3   | Slain by a six-headed hydra

Illustrated notes

Levels and vault maps discovered:
D:1:      wander_arrival_lonely_grave, layout_loops_ring,
          minmay_misc_feat_nine_boxes
D:2:      layout_basic, xom_butterflies, chequers_ecumenical_altar_simple,
          minmay_lizard_king
D:3:      minmay_thinvault, layout_basic, first_ration, chequers_mini_garden
D:4:      layout_loops_corners, uniq_ijyb, uniq_robin
D:5:      lemuel_insect_pit, layout_basic, minmay_temple_entry_tees,
          ebering_ghost_disaster_area, serial_shops, nicolae_shop_crystal,
          minmay_hollow_rounded_squares, uniq_eustachio, uniq_pikel,
          uniq_duvessa
D:6:      layout_cave_pools, basic_altar, okawaru_altar_gauntlet_db,
          uniq_edmund, uniq_prince_ribbit1, uniq_sigmund
D:7:      layout_basic
D:8:      layout_loops_ring, serial_shops, shop_statue
D:9:      layout_rooms, minmay_lair_entry_grove, hangedman_little_slice_of_home
D:10:     layout_irregular_city, zombieorc2_lemuel
D:11:     layout_loops_ring, minmay_fountain_box, kennysheep_path_1
Lair:1:   layout_layer_cave
Lair:2:   layout_misc_corridors, elwin_shoals_entry_rooms, dummy_snake_entry,
          nicolae_quartered_pool_little, cheibrodos_lair_lostbears
Lair:3:   layout_cave_pods, gauntlet_entry_generic
Lair:4:   layout_cave_pods, minivault_26, lemuel_fruit_fields

Skill      XL: |  1  2  3  4  5  6  7  8  9 10 11 12 |
---------------+-------------------------------------+-----
Dodging        | 2 3 4 5 7 |  7.2
Unarmed Combat | 4 6 7 9 10 | 10.4
Fighting       | 3 4 5 6 7 9 10 | 10.0
Throwing       | 1 2 3 4 5 8 |  8.4
Shields        | 1 5 7 9 |  9.0

Action                   |  1- 3 |  4- 6 |  7- 9 | 10-12 || total
-------------------------+-------+-------+-------+-------++-------
Melee: Unarmed           |   124 |   174 |   346 |   730 ||  1374
       Punch             |       |     2 |     8 |       ||    10
       Bite              |       |       |       |     1 ||     1
Throw: Dart              |       |     4 |    41 |    15 ||    60
       Large rock        |       |       |       |    10 ||    10
       Throwing net      |       |       |       |     1 ||     1
       Boomerang         |       |       |       |    62 ||    62
Evoke: Wand              |       |     4 |     7 |    24 ||    35
       Lightning rod     |       |       |       |     7 ||     7
  Use: Scroll            |     2 |     3 |    14 |    10 ||    29
       Potion            |       |       |     3 |    15 ||    18
 Stab: Confused          |       |     1 |       |     2 ||     3
       Sleeping          |       |       |     1 |       ||     1
       Paralysed         |       |       |     2 |     3 ||     5
       Petrified         |       |       |     3 |       ||     3
  Eat: Ration            |     1 |     2 |     6 |    10 ||    19
Armor: Robe              |    62 |    57 |   127 |   153 ||   399
Dodge: Dodged            |    58 |    66 |   173 |   270 ||   567
Block: Kite shield       |       |       |    70 |   347 ||   417

Table legend:
 A = Non-vault XP
 B = Vault XP
 C = Vault XP percentage of total XP
 D = Non-vault monster count
 E = Vault monster count
 F = Vault count percentage of total count
                 A         B        C        D         E       F
            +---------+---------+-------+---------+---------+-------
      Total |   31299 |    5828 |  15.7 |     295 |     111 |  27.3
            +---------+---------+-------+---------+---------+-------
        D:1 |      47 |       0 |   0.0 |      24 |       0 |   0.0
        D:2 |      36 |      10 |  21.7 |      14 |       8 |  36.4
        D:3 |     134 |      48 |  26.4 |      35 |      15 |  30.0
        D:4 |     672 |      67 |   9.1 |      18 |      10 |  35.7
        D:5 |     395 |     645 |  62.0 |      10 |      11 |  52.4
        D:6 |     415 |     234 |  36.1 |      27 |       8 |  22.9
        D:7 |     306 |       0 |   0.0 |      10 |       0 |   0.0
        D:8 |     975 |     879 |  47.4 |      21 |       5 |  19.2
        D:9 |    2053 |    1321 |  39.2 |      21 |      16 |  43.2
       D:10 |    2970 |     978 |  24.8 |      19 |      33 |  63.5
       D:11 |    3208 |       0 |   0.0 |      20 |       0 |   0.0
     Lair:1 |    4078 |       0 |   0.0 |      18 |       0 |   0.0
     Lair:2 |    3302 |    1646 |  33.3 |      14 |       5 |  26.3
     Lair:3 |    9976 |       0 |   0.0 |      33 |       0 |   0.0
     Lair:4 |    2732 |       0 |   0.0 |      11 |       0 |   0.0
            +---------+---------+-------+---------+---------+-------
